 Dungeon Crawl Stone Soup version 0.30-a0-626-gd6a5dd7a1f (console) character file.

Game seed: 10639255685565565614

110 jejorda2 the Poker (level 4, -1/37 HPs)
             Began as a Merfolk Berserker on Jan 11, 2023.
             Was a Believer of Trog.
             Slain by an orc
             ... wielding a +0 short sword
              (4 damage)
             ... on level 3 of the Dungeon.
             The game lasted 00:04:20 (1931 turns).

jejorda2 the Poker (Merfolk Berserker)              Turns: 1931, Time: 00:04:21

Health: -1/37      AC:  7    Str: 19    XL:     4   Next: 91%
Magic:  4/4        EV: 12    Int:  6    God:    Trog [**....]
Gold:   139        SH:  0    Dex: 13    Spells: 3/3 levels left

rFire   . . .      SeeInvis .    a - +0 spear
rCold   . . .      Faith    .    (no shield)
rNeg    . . .      Spirit   .    r - +0 ring mail
rPois   .          Reflect  .    (no helmet)
rElec   .          Harm     .    b - +0 cloak
rCorr   .          Rampage  .    f - +0 pair of gloves
Will    ++...                    (no boots)
Stlth   +                        (no amulet)
HPRegen 1.26/turn                l - +4 ring of slaying
MPRegen 0.09/turn                (no ring)

@: lethally poisoned (-1 -> -14), strong-willed (expiring), on berserk cooldown,
regenerating (expiring), slowed, very slow
A: (nimble swimmer 2), mertail
a: Renounce Religion, Berserk, Trog's Hand


You were on level 3 of the Dungeon.
You worshipped Trog.
Trog was pleased with you.
You visited 1 branch of the dungeon, and saw 3 of its levels.

You collected 139 gold pieces.

Inventory:

Hand Weapons
 a - a +0 spear (weapon)
Missiles
 d - 33 stones (quivered)
Armour
 b - a +0 cloak (worn)
 f - a +0 pair of gloves (worn)
 r - a +0 ring mail (worn)
Jewellery
 l - a +4 ring of slaying (left hand)
 n - a ring of ice
Scrolls
 c - 4 scrolls of identify {unknown}
 g - 2 scrolls of amnesia {unknown}
 p - a scroll of immolation {unknown}
Potions
 e - a potion of attraction {unknown}
 h - 3 potions of heal wounds {unknown}
 i - a potion of ambrosia {unknown}
 j - 2 potions of curing {unknown}
 k - a potion of might {unknown}
 m - a potion of degeneration {unknown}
 o - a potion of flight {unknown}
 q - a potion of lignification {unknown}


   Skills:
 + Level 4.1 Fighting
 * Level 5.8 Polearms
 - Level 1.3 Armour
 + Level 4.0 Dodging


You had 3 spell levels left.
You didn't know any spells.
Your spell library was empty.

Dungeon Overview and Level Annotations

Branches:
Dungeon (3/15)

Altars:


Innate Abilities, Weirdness & Mutations

((You are very nimble when in or above water. (Stealth+, EV+, Speed+++)))
Your lower body shifts to a powerful aquatic tail in water.


Message History

You are no longer berserk.
You are exhausted.
You feel yourself slow down.
An orc comes into view. It is wielding a +0 hand axe.
You closely miss the orc.
The orc shouts!
You hear a shout!
The orc hits you but does no damage.
The orc hits you with a +1 dagger of venom.
You are poisoned.
You hit the orc but do no damage.
You feel very sick. The orc barely misses you. The orc closely misses you.
You hit the orc.
The orc is heavily wounded.
You feel very sick. The orc hits you but does no damage.
The orc hits you with a +1 dagger of venom.
You are more poisoned.
The orc priest looks satisfied for a moment.
You closely miss the orc.
The orc is heavily wounded.
You feel very sick. The orc barely misses you.
The orc hits you but does no damage.
You are more poisoned.
The orc hits you but does no damage.
The orc priest casts a cantrip, but nothing happens.
The orc hits you with a +1 dagger of venom.
You are lethally poisoned!
You hit the orc but do no damage.
The orc is heavily wounded.
You feel the effects of Trog's Hand fading.
You feel extremely sick. The orc barely misses you.
The orc hits you but does no damage.
You are more poisoned.
You are too injured to fight recklessly!
* * * LOW HITPOINT WARNING * * *
You feel extremely sick.
Items here: ) [ †.
The orc attacks as you move away! The orc hits you with a +0 short sword.
You die...

#. . #. ..
#.#########...
#.............
#.....o.......
####...)@oo..o...
........##...)...
.######.##.......
#.......+.......
#.#...###.......
..##### #......#
....... ......#
#.#####).#
####### #.....#
#........#
########.....#
########.#
.............#


You could see an orc priest and 3 orcs.

Vanquished Creatures
  An orc priest (D:3)
  3 adders
  A dart slug (D:3)
  An orc (D:3)
  3 bats
  A giant cockroach (D:1)
  4 goblins
  10 hobgoblins
  4 jackals (D:3)
  2 kobolds
  4 quokkas
  7 ball pythons
  2 frilled lizards (D:1)
  3 rats (D:1)
46 creatures vanquished.

Notes
Turn   | Place    | Note
-------+----------+-------------------------------------------
     0 | D:1      | jejorda2 the Merfolk Berserker began the quest for the Orb.
     0 | D:1      | Reached XP level 1. HP: 18/18 MP: 1/1
   118 | D:1      | Reached XP level 2. HP: 23/24 MP: 2/2
   608 | D:1      | Reached XP level 3. HP: 29/29 MP: 3/3
   612 | D:1      | Reached ** piety under Trog
  1057 | D:2      | Reached skill level 5 in Polearms
  1482 | D:2      | Found a faded altar of an unknown god.
  1733 | D:3      | Reached XP level 4. HP: 33/37 MP: 4/4
  1931 | D:3      | Slain by an orc

Illustrated notes

Levels and vault maps discovered:
D:1:      dpeg_arrival_short_road, layout_loops_ring
D:2:      layout_basic, hellmonk_ecumenical_altar_run_dry,
          nicolae_concentric_dashed_squares_mild, kennysheep_nub
D:3:      layout_basic

Skill      XL: |  1  2  3  4 |
---------------+-------------+-----
Dodging        | 3 4 |  4.0
Polearms       | 5 |  5.8
Fighting       | 4 |  4.1
Armour         | |  1.3

Action                   |  1- 3 |  4- 6 || total
-------------------------+-------+-------++-------
Melee: Spear             |   119 |    37 ||   156
Throw: Stone             |     3 |       ||     3
Invok: Berserk           |     1 |     1 ||     2
       Trog's Hand       |       |     1 ||     1
 Stab: Sleeping          |     2 |       ||     2
Armor: Animal skin       |    13 |       ||    13
       Leather armour    |    12 |     2 ||    14
       Ring mail         |       |     7 ||     7
Dodge: Dodged            |    53 |    19 ||    72

Table legend: (Time is in decaauts)
 A = Elapsed time spent in this place.
 B = Non-inter-level travel time spent in this place.
 C = Inter-level travel time spent in this place.
 D = Time resting spent in this place.
 E = Time spent auto-exploring this place.
 F = Levels seen in this place.
 G = Mean time per level.
                   A        B        C        D        E       F      G
               +--------+--------+--------+--------+--------+-----+--------+
         Total |   1915 |   1823 |     92 |     57 |   1419 |   3 |  638.3 |
       Dungeon |   1915 |   1823 |     92 |     57 |   1419 |   3 |  638.3 |
               +--------+--------+--------+--------+--------+-----+--------+

Top non-repeatable levels by time:
     D:2: 853 daAuts
     D:1: 852 daAuts
     D:3: 208 daAuts
